 Dungeon Sprint DCSS version 0.02-122-g12e50fee3c (webtiles) character file.

Game seed: 4787941605429115179, levelgen mode: deterministic

17768 lorenzova the Sorcerer (level 12, -5/59 HPs) Deep Elf Fire Elementalist. Began on Oct 6, 2020. Was the Champion of Vehumet. Slain by a tyrant leech (30 damage) ... in the Dungeon (Sprint III: "The Ten Rune Challenge"). The game lasted 00:16:20 (3000 turns).

lorenzova the Sorcerer (Deep Elf Fire Elementalist) Turns: 3000, Time: 00:16:20

Health: -5/59      AC:  2    Str:  7    XL:     12 ^: 12649
Magic:  32/43      EV: 12    Int: 28    God:    Vehumet [6* [200]]
Gold:   1728       SH:  5    Dex: 15    Spells: 35/61 levels left

rFire    . . .     Vision   .   l - +2 long sword (holy)
rCold    . . .     Gourm    .   r - +1 buckler {reflect} (curse) {(Curse: -Tele)}
rNeg     . . .     Faith    .   a - +0 robe
rPois    .         Spirit   .   (no helmet)
rElec    .         Reflect  +   (no cloak)
rCorr    .         Harm     .   (no gloves)
MR       +....     NoTele   +   (no boots)
Stlth    ++........             (no amulet)
HPRegen  0.29/turn              (no ring)
MPRegen  0.53/turn              (no ring)

@: no status effects
A: clever 1, mutation resistance 1, screaming 1, strong 1
a: Renounce Religion


You were in the Dungeon.
You worshipped Vehumet.
Vehumet was exalted by your worship.
You were not hungry.

You visited 1 branch You collected 1763 gold pieces.
You spent 35 gold pieces at shops.

Inventory:

Weapons
 l - a +2 long sword of holy wrath (weapon)
 s - the cursed +10 falchion of the Toadstool {vamp, rC+ rN++, (Curse: MR-)}
   (You found it in the Dungeon)

   It inflicts no extra harm, but heals its wielder when it wounds a living foe.
   It protects you from cold.
   It greatly protects you from negative energy.
   It has a curse placed upon it.
   { (Curse: MR-)} Shields
 r - a cursed +1 buckler of reflection (shield) {(Curse: -Tele)}
Armour
 a - a +0 robe (worn)
Magical Staves
 q - a +0 staff of life
Wands
 m - a wand of random effects (12)
 p - a wand of flame (1)
Scrolls
 b - a scroll of holy word
 i - 3 scrolls of blinking
 j - 2 scrolls of enchantment
 k - a scroll of bless item
 o - a scroll of amnesia
Potions
 d - a potion of curing
 e - 3 potions of heal wounds
 f - 3 potions of haste
 g - 3 potions of magic
 h - 2 potions of berserk rage
Miscellaneous
 n - a phial of floods
Comestibles
 c - 9 rations


   Skills:
 - Level 2.4 Dodging
 - Level 2.4 Stealth
 + Level 25.4 Spellcasting
 + Level 22.2 Fire Magic


You had 35 spell levels left.
You knew the following spells:

 Your Spells              Type           Power        Failure   Level  Hunger
a - Foxfire               Fire           25 (25)      0%          1    None
b - Searing Ray           Fire           50 (50)      0%          2    None
c - Conjure Flame         Fire           100 (100)    0%          3    None
d - Sticky Flame          Fire/Pois      78 (100)     1%          4    None
e - Bolt of Magma         Fire/Erth      78 (200)     1%          5    None
f - Fireball              Fire           103 (200)    0%          5    None
g - Bolt of Fire          Fire           103 (200)    0%          6    None

Your spell library contained the following spells:

 Spells                   Type           Power        Failure   Level  Hunger
 Flame Tongue             Fire           40 (40)      0%          1    None
 Starburst                Fire           103 (200)    0%          6    None
 Animate Skeleton         Necr           N/A          1%          1    None
 Confusing Touch          Hex            35 (50)      1%          1    None
 Freeze                   Ice            25 (25)      1%          1    None
 Sandblast                Erth           35 (50)      1%          1    None
 Summon Small Mammal      Summ           25 (25)      1%          1    None
 Throw Frost              Ice            35 (50)      1%          2    None
 Inner Flame              Hex/Fire       78 (100)     1%          3    None
 Ignition                 Fire           103 (200)    1%          8    ####...
 Confuse                  Hex            35 (100)     4%          3    None
 Gell's Gravitas          Tloc           35 (200)     4%          3    None
 Olgreb's Toxic Radiance  Pois           35 (100)     4%          4    None
 Fire Storm               Fire           103 (200)    4%          9    #####..
 Irradiate                Tmut/Pois      35 (200)     11%         5    None
 Lee's Rapid Deconstruct  Erth           35 (200)     11%         5    None
 Yara's Violent Unravell  Hex/Tmut       35 (200)     11%         5    None
 Petrify                  Tmut/Erth      35 (100)     14%         4    None
 Conjure Ball Lightning   Air            35 (200)     47%         6    None
 Eringya's Noxious Bog    Tmut/Pois      35 (200)     47%         6    None
 Iskenderun's Icy Sphere  Ice            35 (200)     95%         7    None
 Tornado                  Air            35 (200)     100%        9    #####..


Dungeon Overview and Level Annotations

Branches:
Dungeon (1/1)

Altars:
Cheibriados
Dithmenos
Elyvilon
Fedhas Madash
Gozag Ym Sagoz
Hepliaklqana
Kikubaaqudgha
Makhleb
Nemelex Xobeh
Okawaru
Qazlal
Ru
Sif Muna
Trog
Uskayaw
Vehumet
Wu Jian
Xom
Yredelemnul
Zin
The Shining One
Beogh
Jiyva
Lugonu

Shops:
D ?

Annotations:
D Urug


Innate Abilities, Weirdness & Mutations

Your mind is acute. (Int +2)
You are somewhat resistant to further mutation.
You occasionally shout uncontrollably at your foes.
You are strong. (Str +2)


Message History

The tyrant leech bites you (15)!
The tyrant leech draws strength from your injuries (2).
You hit the tyrant leech (2).
The tyrant leech is heavily wounded. (32/62) HP The tyrant leech burns! x2
The tyrant leech is engulfed in blazing flames.
The tyrant leech bites you (18)!!
The tyrant leech draws strength from your injuries (14)!
Unknown command.
Casting: Sticky Flame (safe; 1% risk of failure)
Confirm with . or Enter, or press ? or * to list all spells.
Aiming: Bolt of Fire (safe; 0% risk of failure)
Press: ? - help, Shift-Dir - straight line, f/p - tyrant leech
Aim: a tyrant leech (flame, heavily wounded (27/62), covered in liquid flames)
The bolt of fire misses the tyrant leech.
The tyrant leech burns!
The tyrant leech is engulfed in blazing flames.
The tyrant leech bites you (30)!!
Ouch! That really hurt!
You die...

#......'.#...#*,.[.',,,,,,**,,,,,
......##.#...##≈≈≈≈#*,,**,**,,,,,
.....###.#...≈≈≈)|..,,,,*,**,,,,,
.......#)#...##≈≈≈≈#*,,**,**,,,,,
∩##..#.#).)..#*,...',,,,,,**,,,,,
#.####.#######***###********,,,,,
#########################***,,,,,
§≈'§#.'...'.#.#.#w†††%≈≈#,**,,,,,
≈≈#§#.#)..##.#.#@##%.§§§#********
§§#.#.#..)#.#.#.#.#,†§≈§§≈**,,,,,
§.#...#)..##.#.#.##,,%§≈§≈**,****
▓▓▓▓▓▓▓▓▓▓#.#.#.#.#,,,§§§,**,,,,,
....≈≈≈...##.#.#.##,,,,..,*******
≈≈≈≈≈≈....'.#.#.#.#,,,,,.,**,,,,,
..........##.#.#.##***********+**
..........##+#####**********,*,,,
...♣......#,,,+,≈≈≈≈**≈,≈≈≈*,,,,,


You could see a tyrant leech (burning).

Vanquished Creatures
  A deep elf blademaster (D)
  2 deep elf demonologists (D)
  A deep elf annihilator (D)
  2 deep elf death magi (D)
  Erica (D)
  A deep elf knight (D)
  2 unseen horrors (D)
  A lindwurm (D)
  A death drake (D)
  2 hydras (D)
  A centaur warrior (D)
  6 deep elf magi (D)
  2 spiny frogs (D)
  A tyrant leech (D)
  A komodo dragon (D)
  A queen bee (D)
  3 wandering mushrooms (D)
  A shadow (D)
  An earth elemental (D)
  3 redbacks (D)
  A spatial vortex (D)
  A hydra simulacrum (D)
  A necrophage (D)
  3 orc warriors (D)
  A fire dragon simulacrum (D)
  2 centaurs (D)
  A water elemental (D)
  32 killer bees (D)
  A polar bear simulacrum (D)
  A black mamba simulacrum (D)
  An electric eel (D)
  An orc priest (D)
  A jelly (D)
  A wizard (D)
  5 orc wizards (D)
  A necromancer (D)
  A kobold demonologist (D)
  3 humans (D)
  A wolf (D)
  An ooze (D)
  A leopard gecko (D)
  7 orcs (D)
  A kobold (D)
  3 rats (D)
  3 plants (D)
109 creatures vanquished.

Vanquished Creatures (others)
  2 draconian scorchers (D)
  6 hellions (D)
  3 yaktaurs (D)
  32 foxfires (D)
  2 plants (D)
45 creatures vanquished.

Grand Total: 154 creatures vanquished

Notes
Turn   | Place    | Note
-------+----------+-------------------------------------------
     0 | D        | lorenzova the Deep Elf Fire Elementalist began the quest
                  | for the Orb.
     0 | D        | Reached XP level 1. HP: 10/10 MP: 6/6
    16 | D        | Reached skill level 4 in Spellcasting
   116 | D        | Reached skill level 6 in Spellcasting
   116 | D        | Reached skill level 5 in Fire Magic
   116 | D        | Reached XP level 2. HP: 6/15 MP: 1/11
   139 | D        | Killed a hellion
   139 | D        | Killed a hellion
   140 | D        | Killed a hellion
   141 | D        | Killed a hellion
   150 | D        | Killed a hellion
   151 | D        | Killed a hellion
   168 | D        | Learned a level 2 spell: Searing Ray
   186 | D        | Reached XP level 3. HP: 19/19 MP: 9/13
   229 | D        | Gained mutation: You tend to lose your temper in combat.
                  | [potion of mutation]
   229 | D        | Gained mutation: You evolve. [potion of mutation]
   229 | D        | Gained mutation: Your poor vision makes scrolls take longer
                  | to read and aiming more difficult. [potion of mutation]
   229 | D        | Gained mutation: You have a pair of small horns on your
                  | head. [potion of mutation]
   230 | D        | Lost mutation: Your poor vision makes scrolls take longer
                  | to read and aiming more difficult. [potion of mutation]
   230 | D        | Lost mutation: You tend to lose your temper in combat.
                  | [potion of mutation]
   230 | D        | Lost mutation: You evolve. [potion of mutation]
   230 | D        | Lost mutation: You have a pair of small horns on your head.
                  | [potion of mutation]
   230 | D        | Gained mutation: You are frail. (-10% HP) [potion of
                  | mutation]
   230 | D        | Gained mutation: You are very frail. (-20% HP) [potion of
                  | mutation]
   230 | D        | Gained mutation: You are heat resistant. (rF+) [potion of
                  | mutation]
   231 | D        | Lost mutation: You are heat resistant. (rF+) [potion of
                  | mutation]
   231 | D        | Gained mutation: Your mind is acute. (Int +2) [potion of
                  | mutation]
   231 | D        | Gained mutation: You are agile. (Dex +2) [potion of
                  | mutation]
   231 | D        | Gained mutation: You are strong. (Str +2) [potion of
                  | mutation]
   232 | D        | Lost mutation: You are very frail. (-20% HP) [potion of
                  | mutation]
   232 | D        | Lost mutation: You are agile. (Dex +2) [potion of mutation]
   232 | D        | Gained mutation: You occasionally shout uncontrollably at
                  | your foes. [potion of mutation]
   232 | D        | Gained mutation: You are resistant to hostile enchantments.
                  | (MR+) [potion of mutation]
   232 | D        | Gained mutation: You are somewhat resistant to further
                  | mutation. [potion of mutation]
   233 | D        | Lost mutation: You are resistant to hostile enchantments.
                  | (MR+) [potion of mutation]
   233 | D        | Lost mutation: You are frail. (-10% HP) [potion of
                  | mutation]
   238 | D        | Killed a white draconian scorcher
   257 | D        | Noticed a water elemental
   263 | D        | Learned a level 3 spell: Conjure Flame
   266 | D        | Killed a water elemental
   266 | D        | Reached skill level 8 in Spellcasting
   266 | D        | Reached XP level 4. HP: 24/24 MP: 8/16
   266 | D        | Killed a white draconian scorcher
   304 | D        | Learned a level 4 spell: Sticky Flame
   308 | D        | Found a radiant altar of Vehumet.
   308 | D        | Found a shimmering blue altar of Sif Muna.
   308 | D        | Found an ancient bone altar of Kikubaaqudgha.
   316 | D        | Noticed an ice devil
   342 | D        | Killed a yaktaur
   471 | D        | Reached skill level 9 in Spellcasting
   551 | D        | Reached XP level 5. HP: 28/28 MP: 15/19
   580 | D        | Learned a level 5 spell: Fireball
   581 | D        | Became a worshipper of Vehumet
   591 | D        | Found a glowing silver altar of Zin.
   591 | D        | Found a glowing golden altar of the Shining One.
   591 | D        | Found a white marble altar of Elyvilon.
   591 | D        | Noticed a deep elf mage
   595 | D        | Killed a deep elf mage
   595 | D        | Reached skill level 13 in Spellcasting
   595 | D        | Reached XP level 6. HP: 32/32 MP: 1/24
   595 | D        | Reached XP level 7. HP: 36/36 MP: 1/26
   670 | D        | Found a hide-covered altar of Uskayaw.
   670 | D        | Found a roughly hewn altar of Beogh.
   670 | D        | Found an iron altar of Okawaru.
   670 | D        | Found a bloodstained altar of Trog.
   670 | D        | Found an ornate altar of the Wu Jian Council.
   670 | D        | Noticed a human
   673 | D        | Killed a human
   673 | D        | Reached skill level 14 in Spellcasting
   673 | D        | Reached * piety under Vehumet
   673 | D        | Offered knowledge of Freeze by Vehumet.
   715 | D        | Found a basalt altar of Yredelemnul.
   715 | D        | Found a shadowy altar of Dithmenos.
   715 | D        | Found a sacrificial altar of Ru.
   718 | D        | Reached skill level 15 in Spellcasting
   765 | D        | Reached ** piety under Vehumet
   765 | D        | Offered knowledge of Sandblast by Vehumet.
   784 | D        | Noticed a shadow
   793 | D        | Killed a shadow
   793 | D        | Reached XP level 8. HP: 15/41 MP: 17/29
   912 | D        | Found a blossoming altar of Fedhas.
   912 | D        | Found a stormy altar of Qazlal.
   912 | D        | Found a snail-covered altar of Cheibriados.
   912 | D        | Found a burning altar of Makhleb.
   912 | D        | Found a shimmering altar of Xom.
   913 | D        | Found a hazy altar of Hepliaklqana.
   913 | D        | Found an opulent altar of Gozag.
   913 | D        | Found a sparkling altar of Nemelex Xobeh.
   913 | D        | Found a corrupted altar of Lugonu.
   913 | D        | Found a viscous altar of Jiyva.
   998 | D        | Noticed Erica
  1003 | D        | Killed Erica
  1003 | D        | Offered knowledge of Throw Frost by Vehumet.
  1003 | D        | Reached skill level 17 in Spellcasting
  1003 | D        | Reached skill level 15 in Fire Magic
  1006 | D        | Reached *** piety under Vehumet
  1035 | D        | Offered knowledge of Olgreb's Toxic Radiance by Vehumet.
  1035 | D        | Reached **** piety under Vehumet
  1036 | D        | Reached XP level 9. HP: 45/45 MP: 23/32
  1037 | D        | Offered knowledge of Bolt of Magma by Vehumet.
  1038 | D        | Reached ***** piety under Vehumet
  1038 | D        | Offered knowledge of Bolt of Fire by Vehumet.
  1128 | D        | Reached skill level 18 in Spellcasting
  1175 | D        | Found Kuogub's Magic Scroll Shop.
  1189 | D        | Bought a scroll of magic mapping for 35 gold pieces
  1218 | D        | Noticed a deep elf mage
  1218 | D        | Noticed a deep elf mage
  1218 | D        | Noticed a deep elf mage
  1218 | D        | Noticed a deep elf knight
  1218 | D        | Noticed a deep elf mage
  1227 | D        | Learned a level 6 spell: Bolt of Fire
  1238 | D        | Killed a deep elf mage
  1238 | D        | Killed a deep elf mage
  1238 | D        | Reached skill level 19 in Spellcasting
  1239 | D        | Killed a deep elf mage
  1239 | D        | Reached ****** piety under Vehumet
  1240 | D        | Killed a deep elf knight
  1240 | D        | Reached XP level 10. HP: 15/50 MP: 17/35
  1243 | D        | Killed a deep elf mage
  1243 | D        | Reached skill level 20 in Spellcasting
  1378 | D        | Noticed a deep elf mage
  1379 | D        | Killed a deep elf mage
  1379 | D        | Offered knowledge of Starburst by Vehumet.
  1386 | D        | Identified the cursed +9 staff "Ceasium" {energy, tMut; MR+
                  | Str+3 Stlth+, (Curse: *Slow)}
  1386 | D        | Noticed a deep elf demonologist
  1401 | D        | Noticed a deep elf death mage
  1406 | D        | Noticed a deep elf demonologist
  1413 | D        | Noticed a deep elf death mage
  1424 | D        | Killed a deep elf death mage
  1424 | D        | Reached skill level 21 in Spellcasting
  1434 | D        | Killed a deep elf demonologist
  1439 | D        | Noticed a deep elf annihilator
  1444 | D        | Noticed a deep elf blademaster
  1448 | D        | Killed a deep elf annihilator
  1448 | D        | Reached skill level 22 in Spellcasting
  1528 | D        | Killed a deep elf blademaster
  1528 | D        | Reached XP level 11. HP: 54/54 MP: 22/39
  1529 | D        | Killed a deep elf death mage
  1537 | D        | Killed a deep elf demonologist
  1537 | D        | Reached skill level 23 in Spellcasting
  1865 | D        | Learned a level 5 spell: Bolt of Magma
  1941 | D        | Offered knowledge of Lee's Rapid Deconstruction by Vehumet.
  2046 | D        | Noticed an unseen horror
  2047 | D        | Noticed an unseen horror
  2049 | D        | Killed an unseen horror
  2050 | D        | Killed an unseen horror
  2206 | D        | Noticed a seven-headed hydra
  2206 | D        | Noticed a four-headed hydra
  2209 | D        | Killed a seven-headed hydra
  2209 | D        | Offered knowledge of Irradiate by Vehumet.
  2210 | D        | Killed a four-headed hydra
  2210 | D        | Reached skill level 24 in Spellcasting
  2215 | D        | Identified the cursed +10 falchion of the Toadstool {vamp,
                  | rC+ rN++, (Curse: MR-)}
  2218 | D        | Noticed a death drake
  2224 | D        | Killed a death drake
  2224 | D        | Received a gift from Vehumet
  2664 | D        | Noticed a lindwurm
  2667 | D        | Killed a lindwurm
  2705 | D        | Reached XP level 12. HP: 59/59 MP: 32/42
  2705 | D        | Offered knowledge of Iskenderun's Icy Sphere by Vehumet.
  2710 | D        | Reached skill level 25 in Spellcasting
  2726 | D        | Noticed Urug
  2822 | D        | Offered knowledge of Conjure Ball Lightning by Vehumet.
  2825 | D        | Offered knowledge of Eringya's Noxious Bog by Vehumet.
  2828 | D        | Identified the +3 staff of the Augurer {wizard, fire; rElec
                  | rPois rF+ MR- Str+4} (Vehumet gifted it to you in the
                  | Dungeon)
  2828 | D        | Received a gift from Vehumet
  2833 | D        | Offered knowledge of Fire Storm by Vehumet.
  2833 | D        | Offered knowledge of Tornado by Vehumet.
  2833 | D        | Offered knowledge of Ignition by Vehumet.
  3000 | D        | Slain by a tyrant leech

Levels and vault maps discovered:
D:        dungeon_sprint_mu [sprint_mu_entry_cave, sprint_mu_temple_rooms,
          sprint_mu_d1_horrors, sprint_mu_d2_genie, sprint_mu_d3_branching,
          sprint_mu_orc_legion, sprint_mu_elf_gauntlet, sprint_mu_hive_nellie,
          sprint_mu_lair_fedhas, sprint_mu_vaults_butterflies,
          sprint_mu_slime_circle, sprint_mu_swamp_cave, sprint_mu_shoals_kraken,
          sprint_mu_blade_basic, sprint_mu_crypt_fortress,
          sprint_mu_tomb_spiral, sprint_mu_vestibule_basic,
          sprint_mu_gehenna_hellfire, sprint_mu_dis_giant,
          sprint_mu_tartarus_statrot, sprint_mu_cocytus_islands, sprint_mu_zot1]

Skill      XL: |  1  2  3  4  5  6  7  8  9 10 11 12 |
---------------+-------------------------------------+-----
Spellcasting   | 6 8 9 13 15 17 19 22 24 25 | 25.4
Fire Magic     | 5 6 7 8 11 13 15 17 19 21 22 | 22.2
Dodging        | |  2.4
Stealth        | |  2.4

Action                   |  1- 3 |  4- 6 |  7- 9 | 10-12 || total
-------------------------+-------+-------+-------+-------++-------
Melee: Long sword        |       |       |       |     1 ||     1
 Cast: Foxfire           |    18 |       |       |       ||    18
       Searing Ray       |     2 |     5 |     3 |     5 ||    15
       Conjure Flame     |     1 |     2 |    10 |     4 ||    17
       Fireball          |       |     2 |    25 |    21 ||    48
       Sticky Flame      |       |       |     2 |     5 ||     7
       Bolt of Fire      |       |       |       |    44 ||    44
       Bolt of Magma     |       |       |       |     5 ||     5
  Use: Potion            |     5 |       |       |       ||     5
       Scroll            |       |       |     1 |       ||     1
  Eat: Chunk             |       |       |     1 |     6 ||     7
Armor: Robe              |       |       |       |     3 ||     3
Dodge: Dodged            |    13 |     1 |     3 |    15 ||    32
Block: Buckler           |       |       |       |     4 ||     4
       Rpst.: Long sword |       |       |     1 |     5 ||     6
       Unarmed           |       |       |       |     1 ||     1
